 Dungeon Crawl Stone Soup version 0.26-a0-278-g3b0d5afba5 (webtiles) character file.

Game seed: 10091934893289543162

25071 Infinimo the Frost Mage (level 13, 0/80 HPs)
             Began as a Gargoyle Ice Elementalist on July 12, 2020.
             Was an Initiate of Gozag.
             Slain by a freezing wraith (9 damage)
             ... in an ice cave.
             The game lasted 00:42:26 (19451 turns).

Infinimo the Frost Mage (GrIE)                     Turns: 19451, Time: 00:42:27

Health: 0/80       AC: 17    Str: 20    XL:     13   Next: 17%
Magic:  3/27       EV: 12    Int: 28    God:    Gozag
Gold:   1432       SH:  0    Dex: 12    Spells: 22/33 levels left

rFire    . . .     SeeInvis .   a - +11 long sword "Sumosic" {flame, Dex+2}
rCold    . . .     Faith    .   (no shield)
rNeg     + . .     Spirit   .   B - +1 robe of Lifelessness {Regen+ Str+9}
rPois    ∞         Reflect  .   p - +1 helmet
rElec    +         Harm     .   l - +0 cloak
rCorr    .                      n - +0 pair of gloves
MR       .....                  D - +0 pair of boots
Stlth    ++........             G - amulet of regeneration
HPRegen  1.03/turn              m - ring of wizardry
MPRegen  0.20/turn              e - +6 ring of intelligence

@: slowed, very slow
A: negative energy resistance 1, electricity resistance, unbreathing,
petrification resistance, rot immunity, AC +9
a: Potion Petition, Call Merchant, Bribe Branch, Renounce Religion


You were in an ice cave.
You worshipped Gozag.
Gozag was most pleased with you.
You visited 3 branches of the dungeon, and saw 16 of its levels.
You also visited: Ice Cave.

You collected 2788 gold pieces.
You spent 1198 gold pieces at shops.
You paid 158 gold pieces to Gozag.

Inventory:

Hand Weapons
 a - the +11 long sword "Sumosic" (weapon) {flame, Dex+2}
   (You bought it in a shop on level 9 of the Dungeon)

   It has been specially enchanted to burn those struck by it, causing extra
   injury to most foes and up to half again as much damage against particularly
   susceptible opponents.
   Big, fiery blades are also staple armaments of hydra-hunters.
   It affects your dexterity (+2).
Missiles
 u - 5 javelins (quivered)
Armour
 b - the +2 hat of the Bear Spirit {Spirit, +Rage rN+ MR++}
   (You found it on level 1 of the Lair of Beasts)

   It protects you from negative energy.
   It affects your resistance to hostile enchantments.
   It lets you go berserk.
 l - a +0 cloak (worn)
 n - a +0 pair of gloves (worn)
 p - a +1 helmet (worn)
 B - the +1 robe of Lifelessness (worn) {Regen+ Str+9}
   (You found it on level 9 of the Dungeon)

   It affects your strength (+9).
   It increases your rate of regeneration.
 D - a +0 pair of boots (worn)
Magical Staves
 M - an uncursed staff of cold
Jewellery
 e - a +6 ring of intelligence (right hand)
 m - a ring of wizardry (left hand)
 G - an amulet of regeneration (around neck)
 N - an uncursed ring of positive energy
 O - an uncursed ring of flight {unknown}
Wands
 x - a wand of clouds (14)
 y - a wand of digging (18)
 C - a wand of acid (9)
 P - a wand of iceblast (8)
Scrolls
 g - 5 scrolls of remove curse
 r - 2 scrolls of fear
 s - 6 scrolls of enchant weapon
 v - 9 scrolls of teleportation
 w - 3 scrolls of fog
 F - a scroll of blinking
 I - 4 scrolls of enchant armour
 K - a scroll of identify
 L - a scroll of holy word
Potions
 c - 2 potions of cancellation
 d - 2 potions of might
 f - 4 potions of heal wounds
 h - 2 potions of brilliance
 i - 3 potions of curing
 j - 2 potions of berserk rage
 k - 2 potions of magic
 o - 3 potions of stabbing
 q - 2 potions of ambrosia {unknown}
 t - 3 potions of invisibility
 z - 4 potions of lignification
 A - a potion of mutation
 E - a potion of haste
 H - 2 potions of resistance
 J - 3 potions of flight


   Skills:
 + Level 9.5 Fighting
 - Level 1.8 Dodging
 - Level 2.4 Stealth
 + Level 10.5 Spellcasting
 * Level 11.5 Conjurations
 - Level 13.2 Ice Magic


You had 22 spell levels left.
You knew the following spells:

 Your Spells              Type           Power        Failure   Level
a - Freeze                Ice            ####         0%          1
b - Hailstorm             Conj/Ice       ######..     1%          4
c - Frozen Ramparts       Ice            ######       1%          3
d - Stone Arrow           Conj/Erth      #####.       1%          3

Your spell library contained the following spells:

 Spells                   Type           Power        Failure   Level
 Ozocubu's Armour         Chrm/Ice       ######..     1%          3
 Summon Ice Beast         Ice/Summ       ######..     1%          4
 Corpse Rot               Necr/Air       N/A          2%          2
 Summon Forest            Summ/Tloc      ##........   38%         5
 Eringya's Noxious Bog    Tmut/Pois      ##........   90%         6
 Hydra Form               Tmut           ##........   90%         6
 Summon Hydra             Summ           ##........   100%        7


Dungeon Overview and Level Annotations

Branches:
Dungeon (10/15)            Temple (1/1) D:7            Lair (5/6) D:8
 Shoals (0/4) Lair:4       Spider (0/4) Lair:4          Orc (0/2) D:9
  IceCv (1/1)
  Slime: Lair:5-6

Altars:
Ashenzari
Cheibriados
Dithmenos
Elyvilon
Fedhas
Gozag
Hepliaklqana
Kikubaaqudgha
Makhleb
Nemelex Xobeh
Okawaru
Qazlal
Ru
Sif Muna
Trog
Uskayaw
Vehumet
Wu Jian
Xom
Yredelemnul
Zin
The Shining One
Beogh

Shops:
D:9 *

Annotations:
D:2 Grinder


Innate Abilities, Weirdness & Mutations

You are resistant to torment.
Your stone body is resilient. (AC +9)
You are immune to poison.
You resist negative energy. (rN+)
You are resistant to electric shocks. (rElec)
You can survive without breathing.
You are immune to petrification.
You are immune to rotting.


Message History

The freezing wraith hits you. The freezing wraith freezes you!
Casting: Stone Arrow (safe; 1% risk of failure)
Confirm with . or Enter, or press ? or * to list all spells.
Aiming: Stone Arrow (safe; 1% risk of failure)
Press: ? - help, Shift-Dir - straight line, f/p - freezing wraith
Aim: a freezing wraith (lightly damaged)
The stone arrow hits the freezing wraith.
The freezing wraith hits you. The freezing wraith freezes you!
* * * LOW HITPOINT WARNING * * *
As you read the scroll of fear, it crumbles to dust.
You assume a fearsome visage.
The freezing wraith is unaffected.
The freezing wraith hits you.
* * * LOW HITPOINT WARNING * * *
The freezing wraith drains your vigour!
You feel as though you will be slow longer.
The freezing wraith hits you.
* * * LOW HITPOINT WARNING * * *
The freezing wraith freezes you!
You die...
Your body crumbles into a pile of gold.

#..........#.......∩
#.......##....##....
##.....####..#####..
#......# #### ##.
##....## ## ###
#...## ##.## ##..##
#...## #..##
#....####.@#
#..#...#.W.#
#.W##..$..##
##.###...## #..
##### ##.. ... #..W
#...


You could see a freezing wraith.

Vanquished Creatures
  The ghost of Kroet the Nimble, a journeyman DEIE of Sif Muna (Lair:3)
  Erolcha (D:10)
  3 hydras
  Sonja (Lair:5)
  An ugly thing (D:10)
  5 elephants (Lair:4)
  3 black mambas
  10 cane toads
  5 komodo dragons
  A freezing wraith (IceCv)
  A troll (D:9)
  A polar bear (Lair:4)
  5 jumping spiders (Lair:4)
  A slime creature (Lair:5)
  3 hippogriffs
  3 redbacks (Lair:4)
  2 wyverns
  14 yaks
  A death yak simulacrum (IceCv)
  Edmund (D:5)
  Menkaure (D:5)
  5 water moccasins
  8 orc warriors
  7 porcupines
  A black bear (D:6)
  2 phantoms (D:10)
  7 ice beasts
  4 sky beasts
  A centaur (D:6)
  6 ogres
  10 crocodiles
  16 bullfrogs
  3 scorpions
  A water moccasin zombie (D:2)
  5 killer bees (D:10)
  An elephant simulacrum (IceCv)
  3 electric eels (Lair:1)
  3 howler monkeys (D:10)
  A bullfrog zombie (D:6)
  A crimson imp (D:6)
  2 centaur zombies
  A bullfrog skeleton (D:5)
  10 orc priests
  7 orc wizards
  9 hounds
  5 jellies
  A quasit (D:10)
  3 centaur skeletons
  4 iguanas
  Ijyb (D:3)
  Terence (D:3)
  Natasha (D:1)
  6 worker ants
  2 wolf simulacra (IceCv)
  A killer bee zombie (D:8)
  Robin (D:2)
  10 adders
  5 gnolls
  3 shadow imps
  6 white imps
  3 ufetubi
  An ooze (D:3)
  An adder zombie (D:9)
  An adder skeleton (D:9)
  2 worms
  2 dart slugs
  6 leopard geckos
  33 orcs
  9 bats
  6 giant cockroaches
  16 goblins
  10 hobgoblins
  14 jackals
  2 kobolds
  2 quokkas (D:5)
  9 frilled lizards
  A jackal zombie (D:6)
  A leopard gecko skeleton (D:9)
  2 quokka skeletons (D:8)
  8 rats
  A rat zombie (D:2)
358 creatures vanquished.

Vanquished Creatures (others)
  A plant (Lair:4)
1 creature vanquished.

Grand Total: 359 creatures vanquished

Notes
Turn   | Place    | Note
-------+----------+-------------------------------------------
     0 | D:1      | Infinimo the Gargoyle Ice Elementalist began the quest for
                  | the Orb.
     0 | D:1      | Reached XP level 1. HP: 10/10 MP: 3/3
   470 | D:1      | Reached XP level 2. HP: 15/15 MP: 3/5
  1344 | D:2      | Noticed Natasha
  1352 | D:1      | Killed Natasha
  1352 | D:1      | Reached XP level 3. HP: 4/19 MP: 2/6
  2051 | D:2      | Found a faded altar of an unknown god.
  2075 | D:1      | Reached XP level 4. HP: 14/24 MP: 5/7
  2583 | D:2      | Reached skill level 5 in Ice Magic
  2675 | D:2      | Found an ancient bone altar of Kikubaaqudgha.
  2968 | D:2      | Found a faded altar of an unknown god.
  2968 | D:2      | Found a bloodstained altar of Trog.
  2982 | D:2      | Found an ornate altar of the Wu Jian Council.
  2984 | D:2      | Found a faded altar of an unknown god.
  2985 | D:2      | Found a basalt altar of Yredelemnul.
  3439 | D:2      | Found a snail-covered altar of Cheibriados.
  3475 | D:2      | Reached XP level 5. HP: 28/28 MP: 7/9
  3518 | D:2      | Found a stormy altar of Qazlal.
  3527 | D:2      | Noticed Robin
  3989 | D:2      | Killed Robin
  4528 | D:3      | Learned a level 4 spell: Hailstorm
  4589 | D:3      | Noticed Terence
  4605 | D:3      | Killed Terence
  4605 | D:3      | Reached XP level 6. HP: 32/32 MP: 7/11
  4610 | D:3      | Learned a level 3 spell: Frozen Ramparts
  4726 | D:3      | Reached skill level 6 in Ice Magic
  4761 | D:3      | Reached skill level 1 in Conjurations
  4911 | D:3      | Noticed Ijyb
  4912 | D:3      | HP: 1/32 [acid (12)]
  4967 | D:3      | Killed Ijyb
  5483 | D:3      | Noticed Grinder
  5553 | D:3      | Paralysed by Grinder for 6 turns
  6143 | D:4      | Reached XP level 7. HP: 36/36 MP: 6/12
  6750 | D:5      | Entered Level 5 of the Dungeon
  6820 | D:5      | Reached skill level 7 in Ice Magic
  6952 | D:5      | Reached XP level 8. HP: 40/41 MP: 8/15
  7043 | D:5      | You fall into a shaft and drop 1 floor!
  7044 | D:6      | Found a sacrificial altar of Ru.
  7102 | D:6      | Reached skill level 5 in Spellcasting
  7102 | D:6      | Reached skill level 8 in Ice Magic
  7222 | D:6      | Found a burning altar of Makhleb.
  7223 | D:6      | Found a shimmering altar of Xom.
  7339 | D:6      | Found the +6 lightning scales {run, rElec}
  7606 | D:5      | Reached skill level 9 in Ice Magic
  8029 | D:5      | Reached XP level 9. HP: 45/45 MP: 13/17
  8078 | D:5      | Noticed Menkaure
  8175 | D:5      | Killed Menkaure
  8478 | D:5      | Noticed Edmund
  8483 | D:5      | Killed Edmund
  8483 | D:5      | Reached skill level 10 in Ice Magic
  9475 | D:7      | Found a staircase to the Ecumenical Temple.
  9484 | Temple   | Entered the Ecumenical Temple
  9520 | Temple   | Became a worshipper of Gozag Ym Sagoz the Greedy
  9754 | D:7      | Found a shattered altar of Ashenzari.
  9842 | D:7      | Found a hazy altar of Hepliaklqana.
 10909 | D:8      | Reached skill level 11 in Ice Magic
 11035 | D:8      | Found a staircase to the Lair.
 11245 | D:8      | Reached XP level 10. HP: 50/50 MP: 16/21
 11295 | D:8      | Found a blossoming altar of Fedhas.
 11612 | D:9      | Found a staircase to the Orcish Mines.
 11669 | D:9      | Reached skill level 12 in Ice Magic
 12039 | D:9      | Got a warped robe
 12064 | D:9      | Identified the +1 robe of Lifelessness {Regen+ Str+9} (You
                  | found it on level 9 of the Dungeon)
 12072 | D:9      | Found a roughly hewn altar of Beogh.
 12304 | D:9      | Found a glowing silver altar of Zin.
 12375 | D:9      | Learned a level 4 spell: Hailstorm
 12439 | D:9      | Found a hide-covered altar of Uskayaw.
 12440 | D:9      | Noticed a +0 hand axe
 12440 | D:9      | Noticed a +0 dagger
 12578 | D:9      | Found Neagaheh's Assorted Antiques.
 12586 | D:9      | Bought a crystal long sword for 238 gold pieces
 12586 | D:9      | Bought a scroll of blinking for 210 gold pieces
 12586 | D:9      | Bought a tiny steel amulet for 140 gold pieces
 12586 | D:9      | Bought a ruby potion for 25 gold pieces
 12586 | D:9      | Bought a potion of heal wounds for 140 gold pieces
 12586 | D:9      | Identified the +11 long sword "Sumosic" {flame, Dex+2} (You
                  | bought it in a shop on level 9 of the Dungeon)
 12717 | D:10     | Entered Level 10 of the Dungeon
 12761 | D:10     | Reached skill level 1 in Fighting
 12920 | D:10     | Noticed Erolcha
 12925 | D:10     | Killed Erolcha
 13094 | D:10     | Reached XP level 11. HP: 55/60 MP: 23/23
 13144 | D:10     | Reached skill level 5 in Conjurations
 13261 | D:10     | Noticed a cyan ugly thing
 13270 | D:10     | Killed a cyan ugly thing
 13524 | D:9      | Bought a hardcover book for 420 gold pieces
 13524 | D:9      | Bought a ruby potion for 25 gold pieces
 13528 | D:9      | Learned a level 3 spell: Stone Arrow
 13576 | Lair:1   | Entered Level 1 of the Lair of Beasts
 13767 | Lair:1   | Reached skill level 5 in Fighting
 13861 | Lair:1   | Reached skill level 13 in Ice Magic
 13958 | Lair:1   | Found the +2 hat of the Bear Spirit {Spirit, +Rage rN+
                  | MR++}
 15330 | Lair:1   | Got a polished ring mail
 15341 | Lair:1   | Identified the +1 ring mail "Qiuvo" {MP+9} (You found it on
                  | level 1 of the Lair of Beasts)
 15550 | Lair:2   | Noticed an eight-headed hydra
 15568 | Lair:2   | Killed a seven-headed hydra
 15636 | Lair:2   | Reached XP level 12. HP: 72/72 MP: 22/25
 16645 | Lair:3   | Found a runed translucent door.
 17174 | Lair:3   | Noticed Kroet's ghost (journeyman DEIE)
 17440 | Lair:3   | Killed Kroet's ghost
 17844 | Lair:4   | Noticed a four-headed hydra
 17857 | Lair:4   | Killed a four-headed hydra
 17872 | Lair:4   | Reached skill level 10 in Spellcasting
 17883 | Lair:4   | Reached skill level 10 in Conjurations
 18181 | Lair:4   | Found a staircase to the Shoals.
 18229 | Lair:4   | Found a hole to the Spider Nest.
 18548 | Lair:5   | Noticed a seven-headed hydra
 18592 | Lair:5   | Killed a seven-headed hydra
 18696 | Lair:5   | Reached XP level 13. HP: 80/80 MP: 21/27
 18855 | Lair:5   | Noticed Sonja
 18859 | Lair:5   | Killed Sonja
 18991 | Lair:5   | Found a frozen archway.
 19079 | IceCv    | Entered an ice cave
 19451 | IceCv    | Slain by a freezing wraith

Illustrated notes

Levels and vault maps discovered:
D:1:      dpeg_arrival_rooms_c, layout_basic, interstate_on_off, minmay_domino_2
D:2:      layout_loops_cross, chequers_temple_overflow_minitemple,
          nicolae_qazlal_general_emergency, marbit_many_paths,
          lemuel_zombie_altar_kikubaaqudgha, chequers_ecumenical_altar_island,
          uniq_robin, uniq_natasha
D:3:      layout_basic, uniq_terence, uniq_ijyb, uniq_grinder
D:4:      layout_loops_ring, st_stairs_11
D:5:      minmay_clustersquares, layout_loops_cross, minmay_misc_feat_enclosed,
          uniq_menkaure, uniq_edmund
D:6:      layout_loops_ring, nicolae_ru_sacrificial_ziggurat,
          grunt_temple_overflow_champion_of_chaos, corexii_hall_statues_s
D:7:      layout_basic, kennysheep_mini_moat, evilmike_ruin_ashenzari,
          minmay_temple_entry_overgrown, chequers_decorated_corner
D:8:      layout_cave_pools, lemuel_doored_altar, lair_entry_dummy
D:9:      layout_rooms, dancing_weapons_uskayaw, minmay_orc_entry_temple_small,
          serial_shops, shop, basic_altar, minmay_statues_item, feat_on_display
D:10:     layout_roguey, uniq_erolcha
Temple:   jpeg_temple_island
Lair:1:   layout_chaotic_city, cheibrodos_lair_reptile_den, grunt_megastairs_2,
          serial_bayou_shore_a
Lair:2:   layout_misc_corridors
Lair:3:   layout_regular_city, ebering_ghost_reflecting_pool,
          chequers_serial_rivers_small_b, grunt_megastairs_3
Lair:4:   layout_misc_corridors, elwin_shoals_entry_rocks,
          nicolae_spider_entry_tight_spaces
Lair:5:   cheibrodos_lair_river_kwai, layout_loops_ring,
          minmay_slime_entry_pillars, portal_ice_cave_entry_pillars_2,
          grunt_forest_small_clearing_treed, uniq_sonja
IceCv:    ice_cave_small_necro

Skill      XL: |  1  2  3  4  5  6  7  8  9 10 11 12 13 |
---------------+----------------------------------------+-----
Ice Magic      | 5 6 7 9 11 12 13 | 13.2
Spellcasting   | 3 4 5 7 8 9 10 | 10.5
Conjurations   | 2 3 4 7 10 11 | 11.5
Fighting       | 3 7 9 |  9.5
Dodging        | |  1.8
Stealth        | |  2.4

Action                   |  1- 3 |  4- 6 |  7- 9 | 10-12 | 13-15 || total
-------------------------+-------+-------+-------+-------+-------++-------
Melee: Unarmed           |     5 |       |       |       |       ||     5
       Dagger            |     7 |    16 |       |       |       ||    23
       Spear             |       |   113 |   155 |    59 |       ||   327
       Long sword        |       |       |       |   154 |    19 ||   173
Throw: Javelin           |    10 |     5 |       |       |       ||    15
 Cast: Freeze            |    34 |    60 |    89 |    15 |       ||   198
       Frozen Ramparts   |       |    10 |    36 |    63 |     2 ||   111
       Stone Arrow       |       |       |       |    93 |    34 ||   127
Evoke: Wand              |       |       |     3 |     3 |       ||     6
  Use: Scroll            |     6 |     3 |    13 |     8 |     1 ||    31
       Potion            |     1 |     3 |       |       |       ||     4
 Stab: Sleeping          |       |     5 |     4 |     1 |       ||    10
       Distracted        |       |       |       |     2 |       ||     2
Armor: Robe              |    12 |    62 |    85 |   153 |    30 ||   342
Dodge: Dodged            |    22 |   114 |   117 |   211 |    33 ||   497
       Rpst.: Long sword |       |       |       |    43 |     4 ||    47

Table legend:
 A = Non-vault XP
 B = Vault XP
 C = Vault XP percentage of total XP
 D = Non-vault monster count
 E = Vault monster count
 F = Vault count percentage of total count
                 A         B        C        D         E       F
            +---------+---------+-------+---------+---------+-------
      Total |   25268 |   10548 |  29.5 |     280 |      78 |  21.8
            +---------+---------+-------+---------+---------+-------
        D:1 |      41 |      39 |  48.8 |      18 |       2 |  10.0
        D:2 |     151 |      37 |  19.7 |      20 |      13 |  39.4
        D:3 |     195 |      72 |  27.0 |      29 |       2 |   6.5
        D:4 |     180 |     121 |  40.2 |      11 |       2 |  15.4
        D:5 |     621 |     790 |  56.0 |      20 |      10 |  33.3
        D:6 |    1006 |      50 |   4.7 |      21 |       1 |   4.5
        D:7 |     553 |       0 |   0.0 |      15 |       0 |   0.0
        D:8 |     994 |       0 |   0.0 |      22 |       0 |   0.0
        D:9 |    2049 |     103 |   4.8 |      21 |       9 |  30.0
       D:10 |    2874 |     959 |  25.0 |      37 |       1 |   2.6
     Lair:1 |    4717 |    1038 |  18.0 |      24 |       3 |  11.1
     Lair:2 |    2741 |       0 |   0.0 |      14 |       0 |   0.0
     Lair:3 |     769 |    1684 |  68.7 |       3 |       4 |  57.1
     Lair:4 |    5898 |    2118 |  26.4 |      18 |       8 |  30.8
     Lair:5 |    2479 |    2213 |  47.2 |       7 |       8 |  53.3
      IceCv |       0 |    1324 | 100.0 |       0 |      15 | 100.0
            +---------+---------+-------+---------+---------+-------
